 Dungeon Crawl Stone Soup version 0.19.0-19-g8c6edcc (webtiles) character file.

53693 smeego the Geomancer (level 14, 0/82 HPs)
             Began as a Demonspawn Monk on Nov 13, 2016.
             Killed from afar by a wretched star (17 damage)
             ... with an orb of energy
             ... on level 2 of the Abyss on Nov 14, 2016.
             The game lasted 01:21:05 (21598 turns).

smeego the Geomancer (Demonspawn Monk)             Turns: 21598, Time: 01:21:06

Health: 0/82       AC: 16    Str:  9      XL:     14   Next: 31%
Magic:  0/22       EV: 10    Int: 11 (12) God:
Gold:   1787       SH:  8    Dex:  9 (11) Spells: 4 memorised, 22 levels left

rFire  . . .     SeeInvis +     p - +2 flail (protect)
rCold  . . .     Gourm    .     T - +1 steam dragon scales
rNeg   . . .     Faith    .     S - +0 shield
rPois  +         Spirit   +     t - +1 hat
rElec  .         Reflect  .     z - +1 cloak {rPois}
rCorr  .         Harm     .     B - +0 pair of gloves
MR     +....     Rnd*Rage +     (boots unavailable)
Stlth  +......... Rnd*Tele +    O - amulet of regeneration
                                k - ring of see invisible
                                g - +5 ring of protection

@: exhausted, heavily drained
A: hooves 3, rugged brown scales 2, berserk 3, blurry vision 2, clumsy 2,
deformed body, demonic guardian 2, deterioration 2, dopey 2, frail 3, low mp 2,
screaming 3, slow regeneration 2, teleportitis 2, weak 2, magic shield, magic
regeneration, subdued magic 2, MP-powered wands
a: no special abilities


You were on level 2 of the Abyss.
You were full.

You visited 3 branches of the dungeon, and saw 22 of its levels.
You visited the Abyss 1 time.
You also visited: Sewer and Bailey.

You collected 1854 gold pieces.
You spent 67 gold pieces at shops.

Inventory:

Hand Weapons
 p - a +2 flail of protection (weapon)
 x - a +2 hand crossbow of freezing
 M - the cursed +1 quarterstaff "Riwki" {drain, rElec rPois rC++ rN+, unknown}
   (You found it on level 2 of the Abyss)

   A truly terrible weapon, it drains the life of those it strikes.
   It greatly protects you from cold.
   It insulates you from electricity.
   It protects you from poison.
   It protects you from negative energy.
   It has a curse placed upon it.
Missiles
 o - 40 tomahawks of returning (quivered)
 R - 99 bolts
Armour
 m - a +0 helmet
 t - a +1 hat (worn)
 z - a +1 cloak of poison resistance (worn)
 B - a +0 pair of gloves (worn)
 S - a +0 shield (worn)
 T - +1 steam dragon scales (worn)
Jewellery
 g - a +5 ring of protection (left hand)
 j - a +5 ring of dexterity {unknown}
 k - a ring of see invisible (right hand)
 u - an uncursed amulet of faith
 I - an uncursed ring of positive energy
 J - an uncursed ring of positive energy
 O - an amulet of regeneration (around neck)
Wands
 a - a wand of lightning (0/15)
 h - a wand of polymorph (9/24)
 n - a wand of acid (0/15)
 D - a wand of slowing (17/48)
 H - a wand of enslavement (4/24)
Scrolls
 b - 4 scrolls of amnesia
 i - 4 scrolls of fog
 r - 9 scrolls of teleportation
 w - a scroll of blinking
 y - 4 scrolls of recharging
 E - 7 scrolls of identify
 G - a scroll of enchant armour
 K - a scroll of silence
 L - a scroll of summoning
 Y - a scroll of fear
 Z - 4 scrolls of remove curse
Potions
 e - 2 potions of flight
 f - 2 potions of might
 l - 3 potions of cancellation
 q - 3 potions of haste
 s - a potion of agility
 F - 4 potions of curing
 N - a potion of resistance
 X - a potion of brilliance
Books
 v - the Disquisition on Dislocation and Protection
   (You found it on level 13 of the Dungeon)

   Spells                             Type                      Level
   a - Shroud of Golubria             Charms/Translocation         2
   b - Recall                         Summoning/Translocation      3
   c - Lesser Beckoning               Translocation                3
   d - Excruciating Wounds            Charms/Necromancy            5
   e - Dispersal                      Translocation                6
Comestibles
 c - 8 bread rations
 d - 10 beef jerkies
 A - 6 meat rations
 V - 35 fruits


   Skills:
 - Level 10.0(8.6) Fighting
 - Level 6.4(5.1) Maces & Flails
   Level 2.6(1.5) Polearms
 - Level 6.3(5.0) Crossbows
 - Level 6.2(4.9) Armour
 - Level 2.6(1.5) Dodging
 - Level 1.7(0.6) Stealth
 - Level 6.2(4.9) Shields
 * Level 10.5(9.1) Spellcasting
 * Level 10.5(9.1) Conjurations
 * Level 10.5(9.0) Earth Magic


You had 22 spell levels left.
You knew the following spells:

 Your Spells              Type           Power        Failure   Level  Hunger
a - Sandblast             Erth           ###...       1%          1    None
b - Stone Arrow           Conj/Erth      ###...       2%          3    ##.....
c - Mephitic Cloud        Conj/Pois/Air  #.......     43%         3    ##.....
d - Lee's Rapid Deconstr  Erth           ###.......   30%         5    #####..


Dungeon Overview and Level Annotations

Branches:
Dungeon (15/15)            Temple (1/1) D:6            Lair (6/6) D:11
 Shoals (0/4) Lair:4        Snake (0/4) Lair:3        Slime (0/5) Lair:5
    Orc (0/2) D:11         Vaults (0/5) D:13
 Depths: D:15

Altars:
Ashenzari
Cheibriados
Dithmenos
Elyvilon
Fedhas
Gozag
Hepliaklqana
Kikubaaqudgha
Makhleb
Nemelex Xobeh
Okawaru
Qazlal
Ru
Sif Muna
Trog
Uskayaw
Vehumet
Xom
Yredelemnul
Zin
The Shining One
Beogh

Shops:
D:7 *   D:8 !   D:10 :*?[:   D:14 *

Portals:
Trove: D:13 (give 2 scrolls of acquirement)

Annotations:
D:11 Frances
D:15 Sonja


Innate Abilities, Weirdness & Mutations

You have hooves in place of feet.
You are mostly covered in rugged brown scales. (AC +2, +5% HP)
A demonic guardian rushes to your aid.
When hurt, damage is shared between your health and your magic reserves.
You regenerate magic rapidly.
[You have an uncontrollable temper.]
[Scrolls take you longer to read.]
[You are very clumsy. (Dex -4)]
[Armour fits poorly on your strangely shaped body.]
[Your body often deteriorates upon taking damage.]
[You are very dopey. (Int -4)]
[You are extremely frail. (-30% HP)]
[Your magical capacity is very low. (-20% MP)]
[You frequently scream uncontrollably at your foes.]
[You do not regenerate when monsters are visible.]
[You are sometimes teleported next to monsters.]
[You are very weak. (Str -4)]
[Your spells are easier to cast, but less powerful.]
[You expend magic power (3 MP) to strengthen your wands.]


Message History

The orb of energy explodes!
Unknown command.
You feel much better.
The wretched star glows turbulently.
The orb of energy hits you!
* * * LOW HITPOINT WARNING * * *
The orb of energy explodes!
Evoke which item? (* to show all) (? for menu, Esc to quit)
Okay, then.
Unknown command.
Your magical effects are unravelling.
You feel magically purged.
You feel yourself speed up.
The wretched star glows turbulently.
The orb of energy hits you!
* * * LOW HITPOINT WARNING * * *
The orb of energy explodes!
The wretched star glows turbulently.
The orb of energy hits you!
You die...

# # # ##
##.. ### .
.... ..#
#######...#
#.*@......#
#.######..#
.. #..# #
#. .. .
.##. #.
###.... ...
#. . #..
... ..#.# .
# ..### .
.# . . ..#
## # ...#.
#.


You could see a wretched star.

Vanquished Creatures
  A starcursed mass (Abyss:2)
  Nessos (D:13)
  The ghost of tizzy the Bludgeoner, a journeyman OgHu of Dithmenos (D:11)
  2 vault guards (D:13)
  Fannar (Lair:2)
  3 hydras
  Pikel (D:6)
  2 unseen horrors
  A wizard (D:13)
  3 hill giants
  An ugly thing (D:13)
  3 orc knights
  The ghost of ObsidianOrange the Frost Mage, a novice DrIE (D:5)
  A manticore (D:12)
  3 cyclopes
  3 elephants
  4 black mambas
  2 centaur zombies (D:14)
  A gargoyle (D:15)
  Psyche (D:12)
  Maurice (D:9)
  A torpor snail (Lair:5)
  A spiny frog (Lair:6)
  5 komodo dragons
  A freezing wraith (D:14)
  5 rime drakes
  A kobold demonologist (D:13)
  3 trolls
  An ancient zyme (Abyss:2)
  A polar bear (Lair:6)
  2 two-headed ogres
  2 small abominations (Abyss:2)
  3 blink frogs
  8 hippogriffs
  2 wraiths
  3 shadows
  4 wyverns
  24 yaks
  Grum (D:8)
  4 hungry ghosts
  2 steam dragons
  Menkaure (D:6)
  A soldier ant (D:11)
  2 nagas (Lair:3)
  Duvessa (D:6)
  10 water moccasins
  5 porcupines
  15 orc warriors
  2 sky beasts
  A sky beast (shapeshifter) (D:14)
  2 ice beasts
  A black bear (D:9)
  7 ogres
  6 wolves
  A boggart (D:15)
  3 phantoms
  3 centaurs
  14 crocodiles
  6 big kobolds
  22 bullfrogs
  Dowan (D:6)
  4 scorpions
  4 killer bees (D:7)
  12 wights
  2 electric eels (Lair:6)
  3 howler monkeys
  4 crimson imps
  5 hounds
  3 orc priests
  Ijyb (D:2)
  8 jellies
  4 bullfrog skeletons
  2 centaur skeletons
  An iron imp (Abyss:2)
  7 orc wizards
  7 iguanas
  8 worker ants
  A hound zombie (D:10)
  A hound skeleton (D:9)
  A worker ant zombie (D:10)
  19 adders
  8 gnolls
  2 river rats (D:11)
  A shadow imp (D:11)
  An ufetubus (Abyss:2)
  14 oozes
  3 adder zombies
  4 worms
  5 dart slugs
  10 leopard geckos
  48 orcs
  13 bats
  8 giant cockroaches
  9 hobgoblins
  19 jackals
  A quokka (D:6)
  23 ball pythons
  14 frilled lizards
  17 goblins
  A jackal zombie (D:6)
  45 kobolds
  A quokka skeleton (D:8)
  9 rats
568 creatures vanquished.

Vanquished Creatures (collateral kills)
  Josephine (D:14)
  Harold (Lair:1)
  A catoblepas (Lair:6)
  5 hydras
  3 vault guards (D:13)
  A death yak (Lair:5)
  2 death knights (D:12)
  The ghost of crazymagnet the Carver, a novice MiBe of Trog (Bailey)
  A wretched star (Abyss:2)
  An unseen horror (D:11)
  An orc sorcerer (D:13)
  An orc knight (Bailey)
  An ugly thing (D:11)
  2 black mambas
  An elephant (Lair:5)
  Joseph (Lair:1)
  3 spiny frogs
  A torpor snail (Lair:6)
  A freezing wraith (D:9)
  A kobold demonologist (D:13)
  A polar bear (Lair:3)
  A hornet (Lair:6)
  4 blink frogs
  A snapping turtle (Lair:4)
  A hippogriff (D:9)
  A basilisk (Lair:6)
  24 yaks
  A spriggan (Lair:6)
  A wyvern (D:7)
  2 humans (D:13)
  3 wraiths (D:14)
  2 nagas (Lair:3)
  2 porcupines
  A water moccasin (Lair:6)
  6 orc warriors
  2 slaves (D:6)
  4 wolves
  A big kobold (D:13)
  A crocodile (Lair:6)
  2 killer bees (D:7)
  4 wights (D:11)
  An electric eel (Lair:5)
  A hound (D:13)
  An orc priest (D:11)
  An iguana (D:9)
  A gnoll (D:6)
  A river rat (D:11)
  A leopard gecko (D:6)
  5 orcs
  A hobgoblin (Bailey)
  2 jackals (D:8)
  2 kobolds (D:13)
  4 bats (D:11)
  2 rats (D:11)
118 creatures vanquished.

Vanquished Creatures (others)
  An orc (D:6)
  A goblin (Bailey)
  17 fungi
  13 plants
32 creatures vanquished.

Grand Total: 718 creatures vanquished

Notes
Turn   | Place    | Note
-------+----------+-------------------------------------------
     0 | D:1      | smeego the Demonspawn Monk began the quest for the Orb.
     0 | D:1      | Reached XP level 1. HP: 18/18 MP: 1/1
   200 | D:1      | Gained mutation: When hurt, damage is shared between your health and your magic reserves. [demonic ancestry]
   200 | D:1      | Reached XP level 2. HP: 13/24 MP: 2/2
   741 | D:2      | Reached XP level 3. HP: 11/30 MP: 0/3
  1101 | D:2      | Noticed Ijyb
  1176 | D:2      | Killed Ijyb
  1176 | D:2      | Reached skill level 5 in Fighting
  1176 | D:2      | Gained mutation: You regenerate magic rapidly. [demonic ancestry]
  1176 | D:2      | Reached XP level 4. HP: 19/39 MP: 2/4
  1630 | D:3      | Gained mutation: You are partially covered in rugged brown scales. (AC +1, +3% HP) [demonic ancestry]
  1630 | D:3      | Reached XP level 5. HP: 34/47 MP: 5/5
  1769 | D:3      | Found a hazy altar of Hepliaklqana.
  1770 | D:3      | Found a shimmering altar of Xom.
  1770 | D:3      | Noticed a hell beast
  1771 | D:3      | Noticed a hell beast
  1771 | D:3      | Noticed a spectral ugly thing
  1789 | D:3      | Found a sacrificial altar of Ru.
  2770 | D:4      | Reached XP level 6. HP: 20/54 MP: 4/6
  2771 | D:4      | Found a glowing drain.
  2780 | Sewer    | Entered a sewer
  3477 | D:4      | Gained mutation: A weak demonic guardian rushes to your aid. [demonic ancestry]
  3477 | D:4      | Reached XP level 7. HP: 37/63 MP: 5/7
  3647 | D:5      | Entered Level 5 of the Dungeon
  3692 | D:5      | Noticed ObsidianOrange's ghost (novice DrIE)
  3702 | D:5      | Killed ObsidianOrange's ghost
  3702 | D:5      | Reached skill level 1 in Maces & Flails
  3702 | D:5      | Gained mutation: You are mostly covered in rugged brown scales. (AC +2, +5% HP) [demonic ancestry]
  3702 | D:5      | Reached XP level 8. HP: 52/74 MP: 6/8
  3939 | D:5      | Reached skill level 10 in Fighting
  4116 | D:5      | You fall through a shaft!
  4116 | D:6      | Found a staircase to the Ecumenical Temple.
  4116 | D:6      | Noticed Dowan
  4117 | D:6      | Noticed Menkaure
  4118 | D:6      | Noticed Duvessa
  4224 | D:5      | Reached skill level 1 in Shields
  4313 | D:6      | Killed Menkaure
  4313 | D:6      | Reached skill level 1 in Crossbows
  4313 | D:6      | Reached skill level 1 in Armour
  4314 | D:6      | Killed Duvessa
  4316 | D:6      | Killed Dowan
  4447 | D:6      | Noticed Pikel
  4466 | D:6      | Killed Pikel
  4595 | D:5      | Gained mutation: A demonic guardian rushes to your aid. [demonic ancestry]
  4595 | D:5      | Reached XP level 9. HP: 28/81 MP: 9/9
  5949 | D:7      | Found a shimmering altar of Xom.
  5968 | D:7      | Got a polished dagger {elec}
  6021 | D:7      | Found Oliggaek's General Store.
  6862 | D:8      | Noticed Grum
  6887 | D:8      | Killed Grum
  6964 | D:8      | Found a deep blue altar of Sif Muna.
  6966 | D:8      | Found a stormy altar of Qazlal.
  6969 | D:8      | Found a sparkling altar of Nemelex Xobeh.
  6992 | D:8      | Found Liokur's Distillery.
  7078 | D:8      | Reached skill level 5 in Maces & Flails
  7101 | D:8      | Reached XP level 10. HP: 76/89 MP: 10/10
  7577 | Temple   | Entered the Ecumenical Temple
  7744 | Temple   | Learned a level 1 spell: Sandblast
  7848 | D:9      | Noticed a cyclops
  7854 | D:9      | HP: 3/89 [cyclops/large rock (36)]
  8376 | D:9      | Reached skill level 5 in Shields
  8402 | D:9      | Reached skill level 5 in Crossbows
  8402 | D:9      | Reached skill level 5 in Armour
  8832 | D:9      | Killed a cyclops
  8904 | D:9      | Noticed Maurice
  8921 | D:9      | Killed Maurice
  9042 | D:10     | Entered Level 10 of the Dungeon
  9116 | D:10     | Found Pahaef's Armour Boutique.
  9149 | D:10     | Found Ucvetooxt's Book Shoppe.
  9190 | D:10     | Noticed an unseen horror
  9216 | D:10     | Killed an unseen horror
  9271 | D:10     | Found Yduf Ifo's Book Boutique.
  9409 | D:10     | Reached XP level 11. HP: 94/94 MP: 11/11
  9424 | D:10     | Found Werero's Magic Scroll Emporium.
  9424 | D:10     | Noticed a hill giant
  9436 | D:10     | Killed a hill giant
  9436 | D:10     | Reached skill level 1 in Spellcasting
  9436 | D:10     | Reached skill level 1 in Earth Magic
  9658 | D:10     | Found Qiwidgh's General Store.
  9666 | D:10     | Bought a +0 shield for 67 gold pieces
  9736 | D:11     | Found a roughly hewn altar of Beogh.
  9736 | D:11     | Found a staircase to the Orcish Mines.
  9739 | D:11     | Noticed an orc knight
  9856 | D:10     | Killed an orc knight
 10297 | D:11     | Noticed an unseen horror
 10307 | D:11     | Killed an unseen horror
 10371 | D:11     | Learned a level 3 spell: Stone Arrow
 10389 | D:11     | Noticed tizzy's ghost (journeyman OgHu)
 10415 | D:11     | Noticed a brown ugly thing
 10424 | D:11     | Killed a brown ugly thing
 10440 | D:11     | Reached skill level 1 in Conjurations
 10445 | D:11     | Found a staircase to the Lair.
 10454 | Lair:1   | Entered Level 1 of the Lair of Beasts
 10454 | Lair:1   | Noticed Harold
 10457 | Lair:1   | Noticed Joseph
 10485 | Lair:1   | Killed Harold
 10492 | Lair:1   | Killed Joseph
 10573 | Lair:1   | Noticed a seven-headed hydra
 10575 | Lair:1   | Killed a seven-headed hydra
 10707 | Lair:1   | Reached skill level 5 in Spellcasting
 10802 | Lair:1   | Noticed an eight-headed hydra
 10811 | Lair:1   | Killed an eight-headed hydra
 10811 | Lair:1   | Reached skill level 5 in Earth Magic
 11671 | Lair:2   | Noticed Fannar
 11680 | Lair:2   | Killed Fannar
 11680 | Lair:2   | Gained mutation: You have large cloven feet. [demonic ancestry]
 11680 | Lair:2   | Reached XP level 12. HP: 101/101 MP: 20/20
 12143 | Lair:2   | Noticed a five-headed hydra
 12147 | Lair:2   | Killed a five-headed hydra
 12212 | Lair:2   | Reached skill level 5 in Conjurations
 12368 | Lair:3   | Found a staircase to the Snake Pit.
 12512 | Lair:3   | Learned a level 3 spell: Mephitic Cloud
 13420 | Lair:4   | Found a staircase to the Shoals.
 13700 | Lair:5   | Found a staircase to the Slime Pits.
 14494 | Lair:6   | Entered Level 6 of the Lair of Beasts
 14732 | Lair:6   | Noticed a seven-headed hydra
 14740 | Lair:6   | Killed a seven-headed hydra
 14888 | Lair:6   | Gained mutation: You have hoof-like feet. [demonic ancestry]
 14888 | Lair:6   | Reached XP level 13. HP: 77/108 MP: 20/25
 15103 | Lair:6   | Learned a level 5 spell: Lee's Rapid Deconstruction
 15972 | D:11     | Killed tizzy's ghost
 17298 | D:12     | Noticed Frances
 18235 | D:12     | Noticed Psyche
 18246 | D:12     | Killed Psyche
 18593 | D:13     | Noticed Nessos
 18617 | D:13     | Killed Nessos
 18701 | D:13     | Identified the Disquisition on Dislocation and Protection
 19013 | D:13     | Found a flagged portal.
 19020 | Bailey   | Entered a bailey
 19030 | Bailey   | Noticed crazymagnet's ghost (novice MiBe)
 19050 | Bailey   | Killed crazymagnet's ghost
 19621 | D:13     | Found a portal to a secret trove of treasure.
 19846 | D:13     | Reached skill level 10 in Spellcasting
 19846 | D:13     | Reached skill level 10 in Conjurations
 19846 | D:13     | Gained mutation: You have hooves in place of feet. [demonic ancestry]
 19846 | D:13     | Reached XP level 14. HP: 30/115 MP: 11/28
 19984 | D:13     | Found a gate to the Vaults.
 20003 | D:13     | Reached skill level 10 in Earth Magic
 20255 | D:14     | Found Luqig's Elemental Accessories.
 20433 | D:14     | Found a shadowy altar of Dithmenos.
 20473 | D:14     | Noticed Josephine
 20484 | D:14     | Killed Josephine
 21112 | D:15     | Entered Level 15 of the Dungeon
 21170 | D:15     | Noticed Sonja
 21327 | D:15     | Cast into level 2 of the Abyss (Sonja)
 21425 | Abyss:2  | Noticed a starcursed mass
 21549 | Abyss:2  | Got a smoking quarterstaff
 21559 | Abyss:2  | Noticed a starcursed mass
 21592 | Abyss:2  | Killed a starcursed mass
 21598 | Abyss:2  | Killed from afar by a wretched star

Skill      XL: |  1  2  3  4  5  6  7  8  9 10 11 12 13 14 |
---------------+-------------------------------------------+-----
Fighting       | 4 5 6 8 9 10 | 10.0
Maces & Flails | 1 3 5 6 |  6.4
Shields        | 3 4 6 |  6.2
Crossbows      | 2 4 6 |  6.3
Armour         | 2 4 6 |  6.2
Spellcasting   | 5 8 10 | 10.5
Earth Magic    | 5 8 9 10 | 10.5
Conjurations   | 4 7 10 | 10.5
Polearms       | |  2.6
Dodging        | |  2.6
Stealth        | |  1.7

Action                   |  1- 3 |  4- 6 |  7- 9 | 10-12 | 13-15 || total
-------------------------+-------+-------+-------+-------+-------++-------
Melee: Spear             |   208 |   226 |       |       |       ||   434
       Halberd           |       |   220 |       |       |       ||   220
       Flail             |       |     7 |   393 |  1093 |  1357 ||  2850
       Kick              |       |       |       |   146 |   422 ||   568
 Fire: Hand crossbow     |       |       |       |    76 |    38 ||   114
 Cast: Stone Arrow       |       |       |       |       |    42 ||    42
       Lee's Rapid Decon |       |       |       |       |     7 ||     7
       Mephitic Cloud    |       |       |       |       |     3 ||     3
Evoke: Wand              |       |     2 |     3 |    24 |    13 ||    42
       Lamp of fire      |       |       |       |     1 |     1 ||     2
       Phantom mirror    |       |       |       |     1 |       ||     1
  Use: Scroll            |       |    11 |     4 |    13 |     7 ||    35
       Potion            |       |     1 |     8 |     7 |     4 ||    20
 Stab: Sleeping          |     2 |     6 |     2 |     1 |     1 ||    12
       Distracted        |     1 |     1 |     1 |     1 |     5 ||     9
       Invisible         |       |       |     1 |     2 |       ||     3
  Eat: Chunk             |     1 |     4 |     7 |     7 |    21 ||    40
       Bread ration      |       |     1 |     1 |     4 |     3 ||     9
       Pizza             |       |       |     1 |       |     3 ||     4
       Fruit             |       |       |       |     3 |     5 ||     8
       Meat ration       |       |       |       |       |     1 ||     1
       Beef jerky        |       |       |       |       |     1 ||     1
Armor: Robe              |    64 |       |       |       |       ||    64
       Leather armour    |       |   296 |    29 |       |       ||   325
       Ring mail         |       |       |   213 |   243 |       ||   456
       Skin              |       |       |     6 |       |       ||     6
       Steam dragon scal |       |       |       |   392 |   792 ||  1184
Dodge: Dodged            |   139 |   387 |   237 |   543 |   692 ||  1998
Block: Buckler           |       |     5 |    95 |   122 |       ||   222
       Shield            |       |       |       |   469 |   859 ||  1328
